Moose vs Condors
(R1)
Created - November 19, 2024 at 19:36
Goals
|
| Moose |
1 |
0 |
5 |
6 |
| Condors |
0 |
1 |
2 |
3 |
|
Shots
|
| Moose |
10 |
9 |
15 |
34 |
| Condors |
13 |
7 |
8 |
28 |
|
1st period
1. Moose , Ludwig Bystrom 1 (Nick Paul 9) at 4:21 (PP)
Penalties :
Ryan McLeod (Bak) for High sticking (Minor) at 4:10, Alexander Alexeyev (Bak) for High sticking (Minor) at 6:12, Julien Gauthier (Man) for Holding (Minor) at 17:51
2nd period
2. Condors , Cody Glass 4 (Adam Erne 11, Nick Shore 14) at 14:59
Penalties :
Alexander Alexeyev (Bak) for Hooking (Minor) at 2:47, Caleb Jones (Man) for Slashing (Minor) at 5:39, Pontus Holmberg (Bak) for Roughing (Minor) at 9:45, Cody Glass (Bak) for Roughing (Double Minor) at 16:39
3rd period
3. Moose , Vinni Lettieri 4 (Jake Leschyshyn 9, Anders Bjork 8) at 3:34
4. Moose , Jake Leschyshyn 5 (Nick Paul 10, Ludwig Bystrom 8) at 10:28 (PP)
5. Condors , Taro Hirose 1 (Martin Frk 3, Tyson Jost 10) at 11:25
6. Moose , Ludwig Bystrom 2 (Jake Leschyshyn 10, Nick Paul 11) at 12:00 (PP)
7. Moose , Kristian Vesalainen 3 (Matthew Benning 6, Anders Bjork 9) at 12:57
8. Moose , Jaret Anderson-Dolan 1 (Lukas Rousek 3, Juuso Valimaki 7) at 16:21
9. Condors , Martin Frk 5 (Taro Hirose 2, Ryan McLeod 3) at 18:27
Penalties :
Jake Leschyshyn (Man) for Delaying the game (Minor) at 5:50, Gustav Olofsson (Bak) for Tripping (Minor) at 8:58, Alexander Alexeyev (Bak) for Slashing (Minor) at 11:52
Goalie Stats
Filip Gustavsson (Man), 25 saves from 28 shots - (0.893), W, 5-6-1, 60:00 minutes
Stuart Skinner (Bak), 28 saves from 34 shots - (0.824), L, 3-5-1, 60:00 minutes
Players Stats for Moose
Player Name G A P +/- PIM S H SB GA TA FO MP PP MP PK MP
------------------------------------------------------------------------------------
Anders Bjork 0 2 2 0 0 5 6 0 0 0 0/0 18:22 4:02 2:13
Boris Katchouk 0 0 0 0 0 2 4 0 1 1 0/0 15:56 2:21 0:00
Caleb Jones 0 0 0 2 2 0 3 0 0 1 0/0 20:07 4:16 1:49
Chase De Leo 0 0 0 0 0 6 4 0 1 1 12/27 23:02 4:02 3:14
Jake Leschyshyn 1 2 3 0 2 1 2 0 0 0 15/24 21:32 6:57 2:21
Jaret Anderson-Dolan 1 0 1 0 0 2 3 0 0 0 2/4 8:17 0:13 1:27
Joey Keane 0 0 0 -3 0 1 0 0 0 0 0/0 10:54 0:05 0:55
Josh Mahura 0 0 0 -3 0 1 1 1 0 0 0/0 9:59 0:05 0:00
Julien Gauthier 0 0 0 0 2 0 1 1 1 0 0/3 14:12 5:28 0:00
Juuso Valimaki 0 1 1 2 0 1 0 1 0 2 0/0 21:16 4:16 2:51
Kieffer Bellows 0 0 0 0 0 0 1 0 0 1 1/1 9:20 0:37 0:00
Kristian Vesalainen 1 0 1 0 0 1 2 1 0 0 0/0 7:04 0:27 0:00
Ludwig Bystrom 2 1 3 1 0 5 0 0 2 3 0/0 29:28 7:24 3:13
Lukas Rousek 0 1 1 0 0 1 0 0 0 0 0/0 6:37 0:00 0:00
Matthew Benning 0 1 1 1 0 1 1 1 0 2 0/0 28:45 7:24 3:06
Mitchell Stephens 0 0 0 0 0 1 0 0 0 1 0/4 9:30 0:00 0:47
Nick Paul 0 3 3 0 0 4 2 0 2 0 4/7 23:28 7:06 1:52
Vinni Lettieri 1 0 1 0 0 2 1 0 1 1 0/0 16:11 4:02 0:00
Players Stats for Condors
Player Name G A P +/- PIM S H SB GA TA FO MP PP MP PK MP
------------------------------------------------------------------------------------
Adam Erne 0 1 1 1 0 5 1 1 3 1 0/1 23:43 3:00 6:42
Alexander Alexeyev 0 0 0 0 6 0 2 1 0 1 0/0 19:40 2:18 2:54
Alexandre Carrier 0 0 0 0 0 2 3 1 3 0 0/0 30:44 3:39 7:11
Cody Glass 1 0 1 1 4 1 1 0 1 0 1/2 14:35 0:01 0:00
Connor Hurley 0 0 0 0 0 2 1 0 0 0 1/2 5:33 0:00 0:00
Evan Bouchard 0 0 0 0 0 1 3 4 0 2 0/0 30:01 3:39 6:32
Gustav Olofsson 0 0 0 0 2 1 1 1 1 0 0/0 19:50 2:18 3:52
Jordan Subban 0 0 0 0 0 0 1 1 0 0 0/0 9:16 0:00 0:29
Klim Kostin 0 0 0 -3 0 0 1 0 1 0 1/1 17:49 2:53 3:53
Martin Frk 1 1 2 2 0 4 0 0 1 0 0/0 13:59 3:03 0:00
Nick Shore 0 1 1 1 0 2 4 0 2 0 13/28 21:17 2:53 3:22
Nikolai Knyzhov 0 0 0 0 0 0 0 0 0 2 0/0 11:22 0:00 2:32
Philip Broberg 0 0 0 0 0 0 0 0 0 0 0/0 0:00 0:00 0:00
Pontus Holmberg 0 0 0 0 2 0 0 0 0 0 0/0 5:33 0:00 0:00
Remi Elie 0 0 0 0 0 0 0 0 0 0 0/0 6:47 0:04 0:52
Ryan McLeod 0 1 1 2 2 2 1 0 0 0 5/9 12:07 0:01 0:53
Taro Hirose 1 1 2 2 0 5 5 0 0 0 0/0 10:56 0:00 0:00
Tyson Jost 0 1 1 -3 0 2 0 0 0 1 15/27 20:19 3:03 6:47
Yegor Sharangovich 0 0 0 -3 0 1 1 2 1 1 0/0 14:37 2:53 1:01
3 Stars
1 - Ludwig Bystrom (Man)
2 - Taro Hirose (Bak)
3 - Jake Leschyshyn (Man)
Power Play
Moose - 3 on 8 Attempt(s) - 37.50%
Condors - 0 on 3 Attempt(s) - 0.00%
Penalty Kill
Moose - 3 on 3 Attempt(s) - 100.00%
- Score 0 goal in Penalty Kill
Condors - 5 on 8 Attempt(s) - 62.50%
- Score 0 goal in Penalty Kill
Team Stat
Moose - Hits : 31 - Faceoff Wins : 34 - Blocked Shots : 5 - Penalty Minutes : 6
Condors - Hits : 25 - Faceoff Wins : 36 - Blocked Shots : 11 - Penalty Minutes : 16
Official
Referees : Kelly Sutherland and Chris Rooney
Linesman : Travis Toomey and Steve Miller
Game Notes
13:48 of 2nd period - Moose goal is going for a video replay. After video review, No Goal. The referee deems the play has been stopped, even if he had not physically had the opportunity to stop play by blowing his whistle.
Julien Gauthier is injured at 3:01 of 3rd period (Groin)
16:21 of 3rd period - Moose goal is going for a video replay. After video review, Goal.
Finance
Level 1 -- Attendance: 1753 (87.65%) -- Ticket Income $122,710
Level 2 -- Attendance: 1000 (100.00%) -- Ticket Income $40,000
Total Attendance: 2753 (91.77%)
Total Ticket Income: $162,710
Other Income: $8,136
Total Income: $170,846
Moose
5 vs 5 Forward
Center Left Wing Right Wing Time % Phy DF OF
1 Chase De Leo Nick Paul Julien Gauthier 40 1 2 2
2 Jake Leschyshyn Anders Bjork Vinni Lettieri 30 1 2 2
3 Mitchell Stephens Boris Katchouk Kieffer Bellows 20 1 2 2
4 Jaret Anderson-Dolan Kristian Vesalainen Lukas Rousek 10 1 2 2
5 vs 5 Defense
Defense Defense Time % Phy DF OF
1 Ludwig Bystrom Matthew Benning 40 1 2 2
2 Juuso Valimaki Caleb Jones 30 1 2 2
3 Josh Mahura Joey Keane 20 1 2 2
4 Ludwig Bystrom Matthew Benning 10 1 2 2
PowerPlay Forward
Center Left Wing Right Wing Time % Phy DF OF
1 Jake Leschyshyn Nick Paul Julien Gauthier 60 1 2 2
2 Chase De Leo Anders Bjork Vinni Lettieri 40 1 2 2
PowerPlay Defense
Defense Defense Time % Phy DF OF
1 Ludwig Bystrom Matthew Benning 60 1 2 2
2 Juuso Valimaki Caleb Jones 40 1 2 2
Penalty Kill 4 Players Forward
Center Wing Time % Phy DF OF
1 Jake Leschyshyn Chase De Leo 60 1 2 2
2 Nick Paul Anders Bjork 40 1 2 2
Penalty Kill 4 Players Defense
Defense Defense Time % Phy DF OF
1 Ludwig Bystrom Matthew Benning 60 1 2 2
2 Juuso Valimaki Caleb Jones 40 1 2 2
Penalty Kill - 3 Players Forward
Forward Time % Phy DF OF
1 Jake Leschyshyn 60 1 2 2
2 Chase De Leo 40 1 2 2
Penalty Kill - 3 Players Defense
Defense Defense Time % Phy DF OF
1 Ludwig Bystrom Matthew Benning 60 1 2 2
2 Juuso Valimaki Caleb Jones 40 1 2 2
4 vs 4 Forward
Center Wing Time % Phy DF OF
1 Jake Leschyshyn Chase De Leo 60 1 2 2
2 Nick Paul Anders Bjork 40 1 2 2
4 vs 4 Defense
Defense Defense Time % Phy DF OF
1 Ludwig Bystrom Matthew Benning 60 1 2 2
2 Juuso Valimaki Caleb Jones 40 1 2 2
Last Minutes Offensive
Center Left Wing Right Wing Defense Defense
Jake Leschyshyn Nick Paul Julien Gauthier Ludwig Bystrom Matthew Benning
Last Minutes Defensive
Center Left Wing Right Wing Defense Defense
Chase De Leo Nick Paul Julien Gauthier Ludwig Bystrom Matthew Benning
Goaltenders
Starting : Filip Gustavsson
Backup : Daniel Vladar
Extra Forwards
Normal : Julien Gauthier, Boris Katchouk, Jake Leschyshyn - PP : Jake Leschyshyn, Boris Katchouk - PK : Jake Leschyshyn
Extra Defensemen
Normal : Josh Mahura, Joey Keane, Juuso Valimaki - PP : Josh Mahura - PK : Joey Keane, Juuso Valimaki
Penalty Shots
Jake Leschyshyn, Chase De Leo, Nick Paul, Anders Bjork, Julien Gauthier
Custom OT Lines Forwards
Jake Leschyshyn, Chase De Leo, Nick Paul, Anders Bjork, Julien Gauthier, Vinni Lettieri, Boris Katchouk, Kieffer Bellows, Mitchell Stephens, Lukas Rousek
Custom OT Lines Defensemen
Ludwig Bystrom, Matthew Benning, Juuso Valimaki, Caleb Jones, Josh Mahura
Scratches
Riley Damiani (Healthy), Alexander Khovanov (Healthy), Nelson Nogier (Healthy), Adam Ginning (Healthy), Jonny Tychonick (Healthy)
Max Jones (Healthy), Nathan Bastian (Healthy), William Bitten (Healthy), Jonatan Berggren (Healthy), Juuso Parssinen (Healthy)
Joey Daccord (Healthy), Karel Vejmelka (Healthy)
Condors
5 vs 5 Forward
Center Left Wing Right Wing Time % Phy DF OF
1 Nick Shore Adam Erne Cody Glass 40 1 2 2
2 Tyson Jost Klim Kostin Yegor Sharangovich 30 1 2 2
3 Ryan McLeod Taro Hirose Martin Frk 20 1 2 2
4 Connor Hurley Remi Elie Pontus Holmberg 10 1 2 2
5 vs 5 Defense
Defense Defense Time % Phy DF OF
1 Alexandre Carrier Evan Bouchard 40 1 2 2
2 Gustav Olofsson Alexander Alexeyev 30 1 2 2
3 Nikolai Knyzhov Jordan Subban 20 1 2 2
4 Alexandre Carrier Evan Bouchard 10 1 2 2
PowerPlay Forward
Center Left Wing Right Wing Time % Phy DF OF
1 Tyson Jost Adam Erne Martin Frk 60 1 2 2
2 Nick Shore Klim Kostin Yegor Sharangovich 40 1 2 2
PowerPlay Defense
Defense Defense Time % Phy DF OF
1 Alexandre Carrier Evan Bouchard 60 1 2 2
2 Gustav Olofsson Alexander Alexeyev 40 1 2 2
Penalty Kill 4 Players Forward
Center Wing Time % Phy DF OF
1 Tyson Jost Adam Erne 60 1 2 2
2 Nick Shore Klim Kostin 40 1 2 2
Penalty Kill 4 Players Defense
Defense Defense Time % Phy DF OF
1 Alexandre Carrier Evan Bouchard 60 1 2 2
2 Gustav Olofsson Alexander Alexeyev 40 1 2 2
Penalty Kill - 3 Players Forward
Forward Time % Phy DF OF
1 Nick Shore 60 1 2 2
2 Tyson Jost 40 1 2 2
Penalty Kill - 3 Players Defense
Defense Defense Time % Phy DF OF
1 Alexandre Carrier Evan Bouchard 60 1 2 2
2 Gustav Olofsson Alexander Alexeyev 40 1 2 2
4 vs 4 Forward
Center Wing Time % Phy DF OF
1 Nick Shore Adam Erne 60 1 2 2
2 Tyson Jost Klim Kostin 40 1 2 2
4 vs 4 Defense
Defense Defense Time % Phy DF OF
1 Alexandre Carrier Evan Bouchard 60 1 2 2
2 Gustav Olofsson Alexander Alexeyev 40 1 2 2
Last Minutes Offensive
Center Left Wing Right Wing Defense Defense
Nick Shore Adam Erne Martin Frk Alexandre Carrier Evan Bouchard
Last Minutes Defensive
Center Left Wing Right Wing Defense Defense
Nick Shore Adam Erne Martin Frk Alexandre Carrier Evan Bouchard
Goaltenders
Starting : Stuart Skinner
Backup : Jaxson Stauber
Extra Forwards
Normal : Yegor Sharangovich, Klim Kostin, Taro Hirose - PP : Yegor Sharangovich, Klim Kostin - PK : Yegor Sharangovich
Extra Defensemen
Normal : Alexander Alexeyev, Nikolai Knyzhov, Jordan Subban - PP : Alexander Alexeyev - PK : Alexander Alexeyev, Nikolai Knyzhov
Penalty Shots
Adam Erne, Martin Frk, Nick Shore, Tyson Jost, Yegor Sharangovich
Custom OT Lines Forwards
Adam Erne, Martin Frk, Nick Shore, Tyson Jost, Yegor Sharangovich, Klim Kostin, Taro Hirose, Cody Glass, Connor Hurley, Pontus Holmberg
Custom OT Lines Defensemen
Alexandre Carrier, Evan Bouchard, Gustav Olofsson, Alexander Alexeyev, Nikolai Knyzhov
Scratches
Cole Cassels (Healthy), Colin White (Healthy), Semyon Der-Arguchintsev (Healthy), Jeremy Gregoire (Healthy), Robin Salo (Healthy)
Filip Kral (Healthy), Brayden Pachal (Healthy), Filip Johansson (Healthy), Lucas Johansen (Healthy), Cole Fonstad (Healthy)
Jack Perbix (Healthy), Raphael Lavoie (Healthy), Filip Cederqvist (Healthy), Michael Dipietro (Healthy)
% Time on Ice - Moose
Lines # - Real PCT - Wanted PCT - Time Play
Normal Forward
1 - 35% - 40% - 14:51
2 - 29% - 30% - 12:07
3 - 21% - 20% - 8:43
4 - 16% - 10% - 6:37
Normal Defense
1 - 42% - 40% - 17:54
2 - 33% - 30% - 14:09
3 - 23% - 20% - 9:54
4 - 1% - 10% - 0:21
PP Forward
1 - 64% - 60% - 7:30
2 - 36% - 40% - 4:15
PP Defense
1 - 64% - 60% - 7:29
2 - 36% - 40% - 4:16
PK Forward
1 - 82% - 60% - 4:54
2 - 18% - 40% - 1:03
PK Defense
1 - 52% - 60% - 3:06
2 - 48% - 40% - 2:51
PK3 Forward
1 - 0% - 60%
2 - 0% - 40%
PK3 Defense
1 - 0% - 60%
2 - 0% - 40%
44 Forward
1 - 0% - 60%
2 - 0% - 40%
44 Defense
1 - 0% - 60%
2 - 0% - 40%
Last Minute Offensive - 0:00
Last Minute Defensive - 0:00
Total
Forward - 60:00
Defense - 60:00
|
% Time on Ice - Condors
Lines # - Real PCT - Wanted PCT - Time Play
Normal Forward
1 - 35% - 40% - 14:46
2 - 26% - 30% - 11:03
3 - 26% - 20% - 10:56
4 - 13% - 10% - 5:33
Normal Defense
1 - 44% - 40% - 18:45
2 - 33% - 30% - 14:00
3 - 21% - 20% - 8:47
4 - 2% - 10% - 0:46
PP Forward
1 - 52% - 60% - 3:04
2 - 48% - 40% - 2:53
PP Defense
1 - 61% - 60% - 3:39
2 - 39% - 40% - 2:18
PK Forward
1 - 71% - 60% - 8:23
2 - 29% - 40% - 3:22
PK Defense
1 - 61% - 60% - 7:07
2 - 39% - 40% - 4:38
PK3 Forward
1 - 0% - 60%
2 - 0% - 40%
PK3 Defense
1 - 0% - 60%
2 - 0% - 40%
44 Forward
1 - 0% - 60%
2 - 0% - 40%
44 Defense
1 - 0% - 60%
2 - 0% - 40%
Last Minute Offensive - 0:00
Last Minute Defensive - 0:00
Total
Forward - 60:00
Defense - 60:00
|
Play-by-Play
1st period
0:01 of 1st period - Chase De Leo wins face-off versus Nick Shore in neutral zone.
0:31 of 1st period - Tyson Jost is hit by Caleb Jones and loses puck.
0:52 of 1st period - Martin Frk is hit by Jaret Anderson-Dolan and loses puck.
1:30 of 1st period - Wrist shot by Chase De Leo.
1:30 of 1st period - Stopped by Stuart Skinner with a rebound.
1:32 of 1st period - Slapshot by Ludwig Bystrom.
1:32 of 1st period - Shot Misses the Net.
1:34 of 1st period - Snap shot by Ludwig Bystrom.
1:34 of 1st period - Shot Misses the Net.
1:36 of 1st period - Slapshot by Matthew Benning.
1:36 of 1st period - Deflect By Julien Gauthier.
1:36 of 1st period - Shot Misses the Net.
1:36 of 1st period - Puck is out of play.
1:37 of 1st period - Jake Leschyshyn wins face-off versus Tyson Jost in Condors zone.
2:21 of 1st period - Backhand shot by Klim Kostin.
2:21 of 1st period - Shot Misses the Net.
3:02 of 1st period - Slapshot by Anders Bjork.
3:02 of 1st period - Stopped by Stuart Skinner with a rebound.
3:20 of 1st period - Snap shot by Connor Hurley.
3:20 of 1st period - Stopped by Filip Gustavsson with a rebound.
3:22 of 1st period - Snap shot by Connor Hurley.
3:22 of 1st period - Shot Blocked by Josh Mahura.
4:10 of 1st period - Minor Penalty to Ryan McLeod for High sticking.
4:11 of 1st period - Tyson Jost wins face-off versus Nick Paul in Condors zone.
4:11 of 1st period - Tyson Jost is hit by Jake Leschyshyn.
4:19 of 1st period - Snap shot by Nick Paul.
4:19 of 1st period - Shot Misses the Net.
4:21 of 1st period - Slapshot by Ludwig Bystrom.
4:21 of 1st period - Goal by Ludwig Bystrom - Moose : 1 - Condors : 0.
4:22 of 1st period - Chase De Leo wins face-off versus Cody Glass in neutral zone.
4:47 of 1st period - Jake Leschyshyn is hit by Evan Bouchard.
5:07 of 1st period - Snap shot by Martin Frk.
5:07 of 1st period - Deflect By Taro Hirose.
5:07 of 1st period - Stopped by Filip Gustavsson without a rebound.
5:08 of 1st period - Ryan McLeod wins face-off versus Mitchell Stephens in Moose zone.
5:24 of 1st period - Slapshot by Taro Hirose.
5:24 of 1st period - Shot Misses the Net.
5:58 of 1st period - Wrist shot by Anders Bjork.
5:58 of 1st period - Shot Blocked by Yegor Sharangovich.
6:06 of 1st period - Wrist shot by Vinni Lettieri.
6:06 of 1st period - Stopped by Stuart Skinner with a rebound.
6:12 of 1st period - Minor Penalty to Alexander Alexeyev for High sticking.
6:13 of 1st period - Jake Leschyshyn wins face-off versus Tyson Jost in Condors zone.
6:24 of 1st period - Snap shot by Adam Erne.
6:24 of 1st period - Stopped by Filip Gustavsson without a rebound.
6:25 of 1st period - Jake Leschyshyn wins face-off versus Tyson Jost in Moose zone.
6:25 of 1st period - Jake Leschyshyn is hit by Adam Erne.
6:30 of 1st period - Icing by Julien Gauthier.
6:31 of 1st period - Tyson Jost wins face-off versus Jake Leschyshyn in Moose zone.
6:46 of 1st period - Slapshot by Alexandre Carrier.
6:46 of 1st period - Shot Blocked by Matthew Benning.
6:48 of 1st period - Slapshot by Alexandre Carrier.
6:48 of 1st period - Stopped by Filip Gustavsson with a rebound.
7:00 of 1st period - Wrist shot by Nick Shore.
7:00 of 1st period - Shot Misses the Net.
8:12 of 1st period - Penalty to Alexander Alexeyev is over, Alexander Alexeyev is back on ice.
8:42 of 1st period - Ludwig Bystrom is hit by Jordan Subban and loses puck.
9:33 of 1st period - Off-side.
9:34 of 1st period - Chase De Leo wins face-off versus Ryan McLeod in neutral zone.
9:58 of 1st period - Adam Erne is hit by Josh Mahura and loses puck.
10:21 of 1st period - Joey Keane is hit by Alexander Alexeyev and loses puck.
10:36 of 1st period - Boris Katchouk is hit by Taro Hirose and loses puck.
11:07 of 1st period - Josh Mahura is hit by Taro Hirose and loses puck.
11:12 of 1st period - Snap shot by Martin Frk.
11:12 of 1st period - Shot Misses the Net.
11:14 of 1st period - Snap shot by Ryan McLeod.
11:14 of 1st period - Stopped by Filip Gustavsson with a rebound.
11:16 of 1st period - Slapshot by Alexandre Carrier.
11:16 of 1st period - Stopped by Filip Gustavsson with a rebound.
11:18 of 1st period - Slapshot by Martin Frk.
11:18 of 1st period - Shot Misses the Net.
11:20 of 1st period - Slapshot by Evan Bouchard.
11:20 of 1st period - Shot Misses the Net.
11:24 of 1st period - Snap shot by Taro Hirose.
11:24 of 1st period - Stopped by Filip Gustavsson with a rebound.
11:30 of 1st period - Snap shot by Martin Frk.
11:30 of 1st period - Stopped by Filip Gustavsson with a rebound.
11:32 of 1st period - Wrist shot by Martin Frk.
11:32 of 1st period - Shot Misses the Net.
11:42 of 1st period - Wrist shot by Taro Hirose.
11:42 of 1st period - Deflect By Martin Frk.
11:42 of 1st period - Shot Misses the Net.
11:42 of 1st period - Puck is out of play.
11:43 of 1st period - Chase De Leo wins face-off versus Nick Shore in Moose zone.
11:50 of 1st period - Wrist shot by Nick Paul.
11:50 of 1st period - Shot Blocked by Adam Erne.
11:52 of 1st period - Snap shot by Ludwig Bystrom.
11:52 of 1st period - Stopped by Stuart Skinner with a rebound.
12:30 of 1st period - Slapshot by Ludwig Bystrom.
12:30 of 1st period - Stopped by Stuart Skinner with a rebound.
12:32 of 1st period - Snap shot by Ludwig Bystrom.
12:32 of 1st period - Stopped by Stuart Skinner with a rebound.
12:42 of 1st period - Matthew Benning is hit by Connor Hurley and loses puck.
12:55 of 1st period - Gustav Olofsson is hit by Chase De Leo and loses puck.
13:04 of 1st period - Slapshot by Nick Paul.
13:04 of 1st period - Stopped by Stuart Skinner with a rebound.
13:23 of 1st period - Slapshot by Nikolai Knyzhov.
13:23 of 1st period - Shot Misses the Net.
13:25 of 1st period - Snap shot by Connor Hurley.
13:25 of 1st period - Stopped by Filip Gustavsson without a rebound.
13:26 of 1st period - Jaret Anderson-Dolan wins face-off versus Nick Shore in Moose zone.
13:31 of 1st period - Alexandre Carrier is hit by Kristian Vesalainen and loses puck.
14:10 of 1st period - Jordan Subban is hit by Anders Bjork and loses puck.
14:17 of 1st period - Snap shot by Anders Bjork.
14:17 of 1st period - Stopped by Stuart Skinner with a rebound.
14:23 of 1st period - Anders Bjork is hit by Taro Hirose and loses puck.
14:36 of 1st period - Adam Erne is hit by Boris Katchouk and loses puck.
14:47 of 1st period - Snap shot by Mitchell Stephens.
14:47 of 1st period - Stopped by Stuart Skinner with a rebound.
16:21 of 1st period - Wrist shot by Taro Hirose.
16:21 of 1st period - Shot Blocked by Kristian Vesalainen.
17:05 of 1st period - Slapshot by Adam Erne.
17:05 of 1st period - Stopped by Filip Gustavsson without a rebound.
17:06 of 1st period - Jake Leschyshyn wins face-off versus Nick Shore in Moose zone.
17:13 of 1st period - Wrist shot by Adam Erne.
17:13 of 1st period - Stopped by Filip Gustavsson without a rebound.
17:14 of 1st period - Jake Leschyshyn wins face-off versus Nick Shore in Moose zone.
17:14 of 1st period - Jake Leschyshyn is hit by Nick Shore.
17:41 of 1st period - Juuso Valimaki is hit by Alexandre Carrier and loses puck.
17:48 of 1st period - Snap shot by Cody Glass.
17:48 of 1st period - Deflect By Adam Erne.
17:48 of 1st period - Stopped by Filip Gustavsson without a rebound.
17:49 of 1st period - Nick Paul wins face-off versus Tyson Jost in Moose zone.
17:51 of 1st period - Minor Penalty to Julien Gauthier for Holding.
17:52 of 1st period - Jake Leschyshyn wins face-off versus Tyson Jost in Moose zone.
18:28 of 1st period - Snap shot by Nick Shore.
18:28 of 1st period - Stopped by Filip Gustavsson without a rebound.
18:29 of 1st period - Tyson Jost wins face-off versus Chase De Leo in Moose zone.
19:12 of 1st period - Gustav Olofsson is hit by Jaret Anderson-Dolan and loses puck.
19:20 of 1st period - Off-side.
19:21 of 1st period - Tyson Jost wins face-off versus Jake Leschyshyn in neutral zone.
19:28 of 1st period - Juuso Valimaki is hit by Evan Bouchard and loses puck.
19:47 of 1st period - Nick Shore is hit by Anders Bjork and loses puck.
19:51 of 1st period - Penalty to Julien Gauthier is over, Julien Gauthier is back on ice.
Goals for this period are 1 for Moose vs 0 for Condors.
Shots for this period are 10 for Moose vs 13 for Condors.
2nd period
0:01 of 2nd period - Chase De Leo wins face-off versus Nick Shore in neutral zone.
0:28 of 2nd period - Snap shot by Nick Paul.
0:28 of 2nd period - Shot Misses the Net.
0:49 of 2nd period - Icing by Ryan McLeod.
0:50 of 2nd period - Ryan McLeod wins face-off versus Mitchell Stephens in Condors zone.
1:14 of 2nd period - Martin Frk is hit by Caleb Jones and loses puck.
1:22 of 2nd period - Off-side.
1:23 of 2nd period - Nick Shore wins face-off versus Julien Gauthier in neutral zone.
1:38 of 2nd period - Wrist shot by Chase De Leo.
1:38 of 2nd period - Stopped by Stuart Skinner without a rebound.
1:39 of 2nd period - Tyson Jost wins face-off versus Jake Leschyshyn in Condors zone.
2:08 of 2nd period - Icing by Evan Bouchard.
2:09 of 2nd period - Klim Kostin wins face-off versus Chase De Leo in Condors zone.
2:18 of 2nd period - Wrist shot by Nick Shore.
2:18 of 2nd period - Shot Misses the Net.
2:34 of 2nd period - Gustav Olofsson is hit by Caleb Jones and loses puck.
2:45 of 2nd period - Wrist shot by Ludwig Bystrom.
2:45 of 2nd period - Deflect By Jaret Anderson-Dolan.
2:45 of 2nd period - Stopped by Stuart Skinner with a rebound.
2:47 of 2nd period - Minor Penalty to Alexander Alexeyev for Hooking.
2:48 of 2nd period - Tyson Jost wins face-off versus Jake Leschyshyn in Condors zone.
2:57 of 2nd period - Slapshot by Ludwig Bystrom.
2:57 of 2nd period - Shot Blocked by Evan Bouchard.
3:13 of 2nd period - Adam Erne is hit by Anders Bjork and loses puck.
3:18 of 2nd period - Snap shot by Chase De Leo.
3:18 of 2nd period - Stopped by Stuart Skinner with a rebound.
3:20 of 2nd period - Slapshot by Juuso Valimaki.
3:20 of 2nd period - Stopped by Stuart Skinner without a rebound.
3:21 of 2nd period - Tyson Jost wins face-off versus Julien Gauthier in Condors zone.
3:36 of 2nd period - Snap shot by Jake Leschyshyn.
3:36 of 2nd period - Shot Misses the Net.
4:08 of 2nd period - Slapshot by Gustav Olofsson.
4:08 of 2nd period - Stopped by Filip Gustavsson without a rebound.
4:09 of 2nd period - Jake Leschyshyn wins face-off versus Nick Shore in Moose zone.
4:47 of 2nd period - Penalty to Alexander Alexeyev is over, Alexander Alexeyev is back on ice.
5:16 of 2nd period - Off-side.
5:17 of 2nd period - Kieffer Bellows wins face-off versus Ryan McLeod in neutral zone.
5:20 of 2nd period - Alexandre Carrier is hit by Boris Katchouk and loses puck.
5:39 of 2nd period - Minor Penalty to Caleb Jones for Slashing.
5:40 of 2nd period - Tyson Jost wins face-off versus Jake Leschyshyn in Moose zone.
6:07 of 2nd period - Ludwig Bystrom is hit by Alexandre Carrier.
7:39 of 2nd period - Penalty to Caleb Jones is over, Caleb Jones is back on ice.
7:43 of 2nd period - Chase De Leo is hit by Yegor Sharangovich and loses puck.
8:14 of 2nd period - Wrist shot by Taro Hirose.
8:14 of 2nd period - Stopped by Filip Gustavsson without a rebound.
8:15 of 2nd period - Ryan McLeod wins face-off versus Mitchell Stephens in Moose zone.
8:28 of 2nd period - Kieffer Bellows is hit by Taro Hirose and loses puck.
9:13 of 2nd period - Gustav Olofsson is hit by Matthew Benning and loses puck.
9:26 of 2nd period - Nick Shore is hit by Anders Bjork and loses puck.
9:45 of 2nd period - Minor Penalty to Pontus Holmberg for Roughing.
9:46 of 2nd period - Tyson Jost wins face-off versus Jake Leschyshyn in Condors zone.
10:16 of 2nd period - Gustav Olofsson is hit by Vinni Lettieri and loses puck.
10:50 of 2nd period - Icing by Vinni Lettieri.
10:51 of 2nd period - Tyson Jost wins face-off versus Chase De Leo in Moose zone.
11:30 of 2nd period - Icing by Julien Gauthier.
11:31 of 2nd period - Nick Shore wins face-off versus Jake Leschyshyn in Moose zone.
11:45 of 2nd period - Penalty to Pontus Holmberg is over, Pontus Holmberg is back on ice.
11:45 of 2nd period - Off-side.
11:46 of 2nd period - Ryan McLeod wins face-off versus Chase De Leo in neutral zone.
11:53 of 2nd period - Snap shot by Taro Hirose.
11:53 of 2nd period - Shot Misses the Net.
11:55 of 2nd period - Slapshot by Evan Bouchard.
11:55 of 2nd period - Stopped by Filip Gustavsson without a rebound.
11:56 of 2nd period - Chase De Leo wins face-off versus Ryan McLeod in Moose zone.
12:21 of 2nd period - Ryan McLeod is hit by Kieffer Bellows and loses puck.
12:37 of 2nd period - Snap shot by Martin Frk.
12:37 of 2nd period - Stopped by Filip Gustavsson with a rebound.
12:39 of 2nd period - Snap shot by Evan Bouchard.
12:39 of 2nd period - Shot Misses the Net.
12:41 of 2nd period - Wrist shot by Martin Frk.
12:41 of 2nd period - Deflect By Taro Hirose.
12:41 of 2nd period - Shot Misses the Net.
12:41 of 2nd period - Puck is out of play.
12:42 of 2nd period - Nick Shore wins face-off versus Chase De Leo in Moose zone.
13:09 of 2nd period - Icing by Anders Bjork.
13:10 of 2nd period - Tyson Jost wins face-off versus Jake Leschyshyn in Moose zone.
13:21 of 2nd period - Wrist shot by Anders Bjork.
13:21 of 2nd period - Stopped by Stuart Skinner without a rebound.
13:22 of 2nd period - Nick Shore wins face-off versus Julien Gauthier in Condors zone.
13:27 of 2nd period - Snap shot by Nick Paul.
13:27 of 2nd period - Shot Blocked by Alexandre Carrier.
13:29 of 2nd period - Slapshot by Matthew Benning.
13:29 of 2nd period - Deflect By Julien Gauthier.
13:29 of 2nd period - Shot Blocked by Evan Bouchard.
13:29 of 2nd period - Puck is out of play.
13:30 of 2nd period - Nick Shore wins face-off versus Chase De Leo in Condors zone.
13:39 of 2nd period - Alexandre Carrier is hit by Chase De Leo and loses puck.
13:46 of 2nd period - Wrist shot by Nick Paul.
13:46 of 2nd period - Shot Misses the Net.
13:48 of 2nd period - Snap shot by Nick Paul.
13:48 of 2nd period - Moose goal is going for a video replay.
13:48 of 2nd period - The goal is refused. The referee deems the play has been stopped, even if he had not physically had the opportunity to stop play by blowing his whistle..
13:49 of 2nd period - Tyson Jost wins face-off versus Jake Leschyshyn in Condors zone.
14:02 of 2nd period - Wrist shot by Tyson Jost.
14:02 of 2nd period - Stopped by Filip Gustavsson with a rebound.
14:04 of 2nd period - Snap shot by Tyson Jost.
14:04 of 2nd period - Shot Misses the Net.
14:14 of 2nd period - Matthew Benning is hit by Nick Shore and loses puck.
14:41 of 2nd period - Snap shot by Kieffer Bellows.
14:41 of 2nd period - Shot Blocked by Gustav Olofsson.
14:43 of 2nd period - Slapshot by Josh Mahura.
14:43 of 2nd period - Stopped by Stuart Skinner without a rebound.
14:44 of 2nd period - Jake Leschyshyn wins face-off versus Nick Shore in Condors zone.
14:49 of 2nd period - Snap shot by Jake Leschyshyn.
14:49 of 2nd period - Shot Misses the Net.
14:59 of 2nd period - Wrist shot by Adam Erne.
14:59 of 2nd period - Deflect By Cody Glass.
14:59 of 2nd period - Goal by Cody Glass - Moose : 1 - Condors : 1.
15:00 of 2nd period - Chase De Leo wins face-off versus Nick Shore in neutral zone.
15:09 of 2nd period - Slapshot by Chase De Leo.
15:09 of 2nd period - Stopped by Stuart Skinner with a rebound.
15:28 of 2nd period - Slapshot by Evan Bouchard.
15:28 of 2nd period - Deflect By Tyson Jost.
15:28 of 2nd period - Stopped by Filip Gustavsson without a rebound.
15:29 of 2nd period - Jake Leschyshyn wins face-off versus Tyson Jost in Moose zone.
15:44 of 2nd period - Vinni Lettieri is hit by Alexander Alexeyev and loses puck.
16:19 of 2nd period - Slapshot by Jake Leschyshyn.
16:19 of 2nd period - Deflect By Anders Bjork.
16:19 of 2nd period - Stopped by Stuart Skinner without a rebound.
16:20 of 2nd period - Nick Shore wins face-off versus Chase De Leo in Condors zone.
16:20 of 2nd period - Nick Shore is hit by Julien Gauthier.
16:39 of 2nd period - Double Minor Penalty to Cody Glass for Roughing.
16:40 of 2nd period - Jake Leschyshyn wins face-off versus Tyson Jost in Condors zone.
17:05 of 2nd period - Tyson Jost is hit by Chase De Leo and loses puck.
17:46 of 2nd period - Ludwig Bystrom is hit by Gustav Olofsson and loses puck.
18:36 of 2nd period - Yegor Sharangovich is hit by Nick Paul and loses puck.
19:36 of 2nd period - Boris Katchouk is hit by Ryan McLeod.
19:52 of 2nd period - Remi Elie is hit by Jaret Anderson-Dolan and loses puck.
Goals for this period are 0 for Moose vs 1 for Condors.
Shots for this period are 9 for Moose vs 7 for Condors.
3rd period
0:01 of 3rd period - Jake Leschyshyn wins face-off versus Tyson Jost in neutral zone.
0:12 of 3rd period - Slapshot by Matthew Benning.
0:12 of 3rd period - Deflect By Julien Gauthier.
0:12 of 3rd period - Shot Misses the Net.
0:12 of 3rd period - Puck is out of play.
0:13 of 3rd period - Nick Paul wins face-off versus Tyson Jost in Condors zone.
0:39 of 3rd period - Penalty to Cody Glass is over, Cody Glass is back on ice.
0:44 of 3rd period - Wrist shot by Chase De Leo.
0:44 of 3rd period - Shot Misses the Net.
2:04 of 3rd period - Tyson Jost is hit by Jake Leschyshyn and loses puck.
2:25 of 3rd period - Snap shot by Taro Hirose.
2:25 of 3rd period - Deflect By Ryan McLeod.
2:25 of 3rd period - Stopped by Filip Gustavsson without a rebound.
2:26 of 3rd period - Nick Paul wins face-off versus Ryan McLeod in Moose zone.
3:01 of 3rd period - Snap shot by Taro Hirose.
3:01 of 3rd period - Shot Blocked by Julien Gauthier.
3:01 of 3rd period - Julien Gauthier from Moose is injured at 3:01 of 3rd period (Groin).
3:02 of 3rd period - Cody Glass wins face-off versus Chase De Leo in Moose zone.
3:27 of 3rd period - Alexandre Carrier is hit by Anders Bjork and loses puck.
3:34 of 3rd period - Wrist shot by Vinni Lettieri.
3:34 of 3rd period - Goal by Vinni Lettieri - Moose : 2 - Condors : 1.
3:35 of 3rd period - Chase De Leo wins face-off versus Nick Shore in neutral zone.
3:42 of 3rd period - Snap shot by Nick Paul.
3:42 of 3rd period - Stopped by Stuart Skinner with a rebound.
3:44 of 3rd period - Snap shot by Chase De Leo.
3:44 of 3rd period - Stopped by Stuart Skinner with a rebound.
3:51 of 3rd period - Icing by Evan Bouchard.
3:52 of 3rd period - Jake Leschyshyn wins face-off versus Nick Shore in Condors zone.
3:53 of 3rd period - Snap shot by Anders Bjork.
3:53 of 3rd period - Stopped by Stuart Skinner with a rebound.
3:55 of 3rd period - Wrist shot by Vinni Lettieri.
3:55 of 3rd period - Shot Misses the Net.
4:05 of 3rd period - Wrist shot by Anders Bjork.
4:05 of 3rd period - Shot Misses the Net.
4:07 of 3rd period - Slapshot by Vinni Lettieri.
4:07 of 3rd period - Shot Misses the Net.
4:25 of 3rd period - Caleb Jones is hit by Nick Shore and loses puck.
4:44 of 3rd period - Juuso Valimaki is hit by Alexandre Carrier and loses puck.
5:29 of 3rd period - Off-side.
5:30 of 3rd period - Chase De Leo wins face-off versus Connor Hurley in neutral zone.
5:33 of 3rd period - Wrist shot by Nick Paul.
5:33 of 3rd period - Stopped by Stuart Skinner with a rebound.
5:47 of 3rd period - Off-side.
5:48 of 3rd period - Jake Leschyshyn wins face-off versus Nick Shore in neutral zone.
5:50 of 3rd period - Minor Penalty to Jake Leschyshyn for Delaying the game.
5:51 of 3rd period - Tyson Jost wins face-off versus Jaret Anderson-Dolan in Moose zone.
6:17 of 3rd period - Chase De Leo is hit by Nick Shore and loses puck.
6:34 of 3rd period - Martin Frk is hit by Anders Bjork and loses puck.
7:50 of 3rd period - Penalty to Jake Leschyshyn is over, Jake Leschyshyn is back on ice.
7:57 of 3rd period - Boris Katchouk is hit by Cody Glass and loses puck.
8:25 of 3rd period - Josh Mahura is hit by Taro Hirose.
8:31 of 3rd period - Snap shot by Boris Katchouk.
8:31 of 3rd period - Shot Misses the Net.
8:33 of 3rd period - Wrist shot by Mitchell Stephens.
8:33 of 3rd period - Shot Blocked by Jordan Subban.
8:35 of 3rd period - Slapshot by Joey Keane.
8:35 of 3rd period - Stopped by Stuart Skinner without a rebound.
8:36 of 3rd period - Connor Hurley wins face-off versus Chase De Leo in Condors zone.
8:36 of 3rd period - Connor Hurley is hit by Nick Paul.
8:52 of 3rd period - Snap shot by Chase De Leo.
8:52 of 3rd period - Shot Misses the Net.
8:58 of 3rd period - Minor Penalty to Gustav Olofsson for Tripping.
8:59 of 3rd period - Nick Paul wins face-off versus Tyson Jost in Condors zone.
9:04 of 3rd period - Slapshot by Ludwig Bystrom.
9:04 of 3rd period - Shot Blocked by Evan Bouchard.
9:06 of 3rd period - Slapshot by Ludwig Bystrom.
9:06 of 3rd period - Deflect By Boris Katchouk.
9:06 of 3rd period - Shot Misses the Net.
9:06 of 3rd period - Puck is out of play.
9:07 of 3rd period - Tyson Jost wins face-off versus Nick Paul in Condors zone.
9:07 of 3rd period - Tyson Jost is hit by Boris Katchouk.
9:23 of 3rd period - Wrist shot by Nick Paul.
9:23 of 3rd period - Shot Misses the Net.
9:25 of 3rd period - Snap shot by Nick Paul.
9:25 of 3rd period - Shot Misses the Net.
9:36 of 3rd period - Icing by Jake Leschyshyn.
9:37 of 3rd period - Jake Leschyshyn wins face-off versus Nick Shore in Moose zone.
10:22 of 3rd period - Snap shot by Boris Katchouk.
10:22 of 3rd period - Stopped by Stuart Skinner with a rebound.
10:28 of 3rd period - Slapshot by Jake Leschyshyn.
10:28 of 3rd period - Goal by Jake Leschyshyn - Moose : 3 - Condors : 1.
10:29 of 3rd period - Jaret Anderson-Dolan wins face-off versus Nick Shore in neutral zone.
11:25 of 3rd period - Snap shot by Taro Hirose.
11:25 of 3rd period - Goal by Taro Hirose - Moose : 3 - Condors : 2.
11:26 of 3rd period - Nick Shore wins face-off versus Chase De Leo in neutral zone.
11:31 of 3rd period - Wrist shot by Adam Erne.
11:31 of 3rd period - Shot Misses the Net.
11:33 of 3rd period - Snap shot by Adam Erne.
11:33 of 3rd period - Shot Misses the Net.
11:52 of 3rd period - Minor Penalty to Alexander Alexeyev for Slashing.
11:53 of 3rd period - Jake Leschyshyn wins face-off versus Tyson Jost in Condors zone.
12:00 of 3rd period - Slapshot by Ludwig Bystrom.
12:00 of 3rd period - Goal by Ludwig Bystrom - Moose : 4 - Condors : 2.
12:01 of 3rd period - Nick Shore wins face-off versus Chase De Leo in neutral zone.
12:28 of 3rd period - Vinni Lettieri is hit by Evan Bouchard and loses puck.
12:41 of 3rd period - Wrist shot by Anders Bjork.
12:41 of 3rd period - Shot Misses the Net.
12:55 of 3rd period - Slapshot by Matthew Benning.
12:55 of 3rd period - Stopped by Stuart Skinner with a rebound.
12:57 of 3rd period - Snap shot by Kristian Vesalainen.
12:57 of 3rd period - Goal by Kristian Vesalainen - Moose : 5 - Condors : 2.
12:58 of 3rd period - Chase De Leo wins face-off versus Adam Erne in neutral zone.
13:41 of 3rd period - Snap shot by Adam Erne.
13:41 of 3rd period - Stopped by Filip Gustavsson without a rebound.
13:42 of 3rd period - Chase De Leo wins face-off versus Tyson Jost in Moose zone.
13:48 of 3rd period - Slapshot by Matthew Benning.
13:48 of 3rd period - Shot Blocked by Yegor Sharangovich.
13:50 of 3rd period - Snap shot by Boris Katchouk.
13:50 of 3rd period - Shot Misses the Net.
13:52 of 3rd period - Snap shot by Chase De Leo.
13:52 of 3rd period - Stopped by Stuart Skinner without a rebound.
13:53 of 3rd period - Tyson Jost wins face-off versus Chase De Leo in Condors zone.
13:53 of 3rd period - Tyson Jost is hit by Chase De Leo.
14:19 of 3rd period - Nikolai Knyzhov is hit by Kristian Vesalainen and loses puck.
14:43 of 3rd period - Wrist shot by Nick Shore.
14:43 of 3rd period - Stopped by Filip Gustavsson with a rebound.
15:09 of 3rd period - Slapshot by Martin Frk.
15:09 of 3rd period - Shot Misses the Net.
15:44 of 3rd period - Icing by Juuso Valimaki.
15:45 of 3rd period - Chase De Leo wins face-off versus Nick Shore in Moose zone.
15:59 of 3rd period - Slapshot by Cody Glass.
15:59 of 3rd period - Shot Blocked by Juuso Valimaki.
16:19 of 3rd period - Wrist shot by Lukas Rousek.
16:19 of 3rd period - Stopped by Stuart Skinner with a rebound.
16:21 of 3rd period - Wrist shot by Jaret Anderson-Dolan.
16:21 of 3rd period - Moose goal is going for a video replay.
16:21 of 3rd period - The goal is good.
16:21 of 3rd period - Goal by Jaret Anderson-Dolan - Moose : 6 - Condors : 2.
16:22 of 3rd period - Nick Shore wins face-off versus Nick Paul in neutral zone.
17:16 of 3rd period - Slapshot by Ludwig Bystrom.
17:16 of 3rd period - Shot Misses the Net.
17:18 of 3rd period - Snap shot by Jaret Anderson-Dolan.
17:18 of 3rd period - Shot Blocked by Alexander Alexeyev.
17:28 of 3rd period - Snap shot by Boris Katchouk.
17:28 of 3rd period - Stopped by Stuart Skinner without a rebound.
17:29 of 3rd period - Nick Shore wins face-off versus Mitchell Stephens in Condors zone.
18:13 of 3rd period - Icing by Nick Paul.
18:14 of 3rd period - Ryan McLeod wins face-off versus Jaret Anderson-Dolan in Moose zone.
18:21 of 3rd period - Snap shot by Martin Frk.
18:21 of 3rd period - Stopped by Filip Gustavsson with a rebound.
18:23 of 3rd period - Slapshot by Taro Hirose.
18:23 of 3rd period - Stopped by Filip Gustavsson with a rebound.
18:27 of 3rd period - Snap shot by Martin Frk.
18:27 of 3rd period - Goal by Martin Frk - Moose : 6 - Condors : 3.
18:28 of 3rd period - Nick Shore wins face-off versus Chase De Leo in neutral zone.
18:55 of 3rd period - Ludwig Bystrom is hit by Klim Kostin and loses puck.
19:02 of 3rd period - Slapshot by Yegor Sharangovich.
19:02 of 3rd period - Stopped by Filip Gustavsson with a rebound.
19:16 of 3rd period - Slapshot by Matthew Benning.
19:16 of 3rd period - Shot Misses the Net.
19:40 of 3rd period - Off-side.
19:41 of 3rd period - Nick Shore wins face-off versus Chase De Leo in neutral zone.
19:52 of 3rd period - Snap shot by Nick Paul.
19:52 of 3rd period - Deflect By Boris Katchouk.
19:52 of 3rd period - Shot Blocked by Evan Bouchard.
19:52 of 3rd period - Puck is out of play.
19:53 of 3rd period - Nick Shore wins face-off versus Chase De Leo in Condors zone.
19:53 of 3rd period - Nick Shore is hit by Boris Katchouk.
Goals for this period are 5 for Moose vs 2 for Condors.
Shots for this period are 15 for Moose vs 8 for Condors.